 Dungeon Crawl Stone Soup version 0.25-a0-528-g6b7c99946c (webtiles) character file.

Game seed: 8518147264186897117, levelgen mode: classic

3780 EnegeticOcto the Cleaver (level 9, -1/86 HPs)
             Began as a Deep Dwarf Fighter on Feb 19, 2020.
             Was a Priest of Makhleb.
             Slain by a death yak (14 damage)
             ... on level 8 of the Dungeon.
             The game lasted 00:04:35 (5848 turns).

EnegeticOcto the Cleaver (Deep Dwarf Fighter)       Turns: 5848, Time: 00:04:36

Health: -1/86      AC: 12    Str: 23    XL:     9   Next: 95%
Magic:  9/9        EV:  8    Int:  9    God:    Makhleb [***...]
Gold:   371        SH: 10    Dex: 12    Spells: 8/8 levels left

rFire    + . .     SeeInvis .   a - +1 war axe
rCold    . . .     Gourm    .   c - +0 kite shield
rNeg     . . .     Faith    .   t - +0 chain mail
rPois    .         Spirit   .   (no helmet)
rElec    .         Reflect  .   (no cloak)
rCorr    .         Harm     .   y - +0 pair of gloves
MR       ++...                  l - +0 pair of boots
Stlth    ..........             (no amulet)
HPRegen  0.00/turn              h - ring of protection from fire
MPRegen  0.11/turn              f - ring of protection from magic

@: non-regenerating, lightly drained
A: damage resistance, heal wounds, sense surroundings 2, no regeneration
a: Heal Wounds, Minor Destruction, Lesser Servant of Makhleb, Renounce Religion


You were on level 8 of the Dungeon.
You worshipped Makhleb.
Makhleb was most pleased with you.
You were not hungry.

You visited 1 branch of the dungeon, and saw 8 of its levels.
You also visited: Sewer.

You collected 371 gold pieces.

Inventory:

Hand Weapons
 a - a +1 war axe (weapon)
Armour
 c - a +0 kite shield (worn)
 l - a +0 pair of boots (worn)
 r - a +0 pair of gloves
 t - a +0 chain mail (worn)
 y - a +0 pair of gloves (worn)
Jewellery
 f - a ring of protection from magic (right hand)
 h - a ring of protection from fire (left hand)
Wands
 m - a wand of digging (4) {@V2}
 v - a wand of flame (38)
 w - a wand of acid (12) {@V1}
 z - a wand of clouds (1)
Scrolls
 b - 2 scrolls of immolation {@r4}
 d - 4 scrolls of teleportation {@r2}
 g - 3 scrolls of blinking {@r3}
 j - 3 scrolls of magic mapping {@r5}
 o - a scroll of enchant armour {unknown}
 p - 2 scrolls of fear
 u - a scroll of enchant weapon
 x - 3 scrolls of identify {@r1}
 B - 2 scrolls of amnesia {unknown}
Potions
 i - a potion of resistance {unknown}
 k - 3 potions of might {@q3}
 n - 3 potions of haste {@q4}
 q - 2 potions of heal wounds {@q2}
 s - a potion of magic {unknown}
 A - 2 potions of degeneration {unknown}
Comestibles
 e - 9 rations
 C - 7 chunks of flesh


   Skills:
 * Level 7.2(6.9) Fighting
 * Level 8.2(7.8) Axes
 + Level 6.4(6.1) Armour
 + Level 5.2(4.9) Dodging
 + Level 6.3(5.9) Shields
 + Level 6.1(5.8) Invocations


You had 8 spell levels left.
You didn't know any spells.
Your spell library was empty.

Dungeon Overview and Level Annotations

Branches:
Dungeon (8/15)             Temple (0/1) D:5           Sewer (visited)
   Lair: D:8-11

Altars:
Ashenzari
Makhleb
Nemelex Xobeh
Ru
Trog
Xom
Zin

Shops:
D:4 [

Annotations:
D:5 3 runed translucent doors, Defined's ghost, novice GnWn
D:7 exclusion: door


Innate Abilities, Weirdness & Mutations

You are resistant to damage.
You can heal yourself by infusing magical energy.
You passively map the area around you.
You do not regenerate.


Message History

C - 9 chunks of flesh (gained 1)
Things that are here:
a +0 whip; a +0 scale mail; an orc skeleton
Things that are here:
a +0 whip; a +0 scale mail; an orc skeleton A leopard gecko comes into view.
The leopard gecko hisses angrily.
Found a potion of might.
A hungry ghost comes into view.
You block the leopard gecko's attack.
Your shield and chain mail prevent you from hitting the leopard gecko.
The leopard gecko bites you but does no damage.
You hit the leopard gecko.
The leopard gecko is moderately wounded.
The leopard gecko bites you.
You slash the leopard gecko!
You kill the leopard gecko!
Makhleb accepts your kill.
You feel better.
You closely miss the hungry ghost. The hungry ghost closely misses you.
You miss the hungry ghost. You block the hungry ghost's attack.
You hit the hungry ghost.
The hungry ghost is lightly damaged.
The hungry ghost hits you.
You are feeling very hungry.
You slash the hungry ghost!
The hungry ghost is heavily damaged.
You block the hungry ghost's attack. x2
You closely miss the hungry ghost.
The hungry ghost is heavily damaged.
You block the hungry ghost's attack.
You completely miss the hungry ghost.
The hungry ghost is heavily damaged.
You block the hungry ghost's attack.
An iguana comes into view.
You closely miss the hungry ghost.
The hungry ghost is heavily damaged.
The iguana hisses angrily.
The hungry ghost hits you.
You feel quite a bit more hungry.
You closely miss the hungry ghost.
The hungry ghost is heavily damaged.
You are near starving!
You block the hungry ghost's attack. x2
You slash the hungry ghost!
The hungry ghost is severely damaged.
A death yak comes into view.
The hungry ghost hits you.
You feel quite a bit more hungry.
The death yak bellows!
You hit the hungry ghost.
The hungry ghost is severely damaged.
You hear a bellow!
A death yak comes into view.
You block the hungry ghost's attack.
The death yak bellows!
You hit the hungry ghost.
The hungry ghost is severely damaged.
A death yak comes into view.
The hungry ghost hits you.
You are starving!
A death yak comes into view.
You are too hungry to fight recklessly!
You are too hungry to fight recklessly!
You are too hungry to fight recklessly!
Eat one of 9 chunks of flesh? (ye/n/q)
You eat one of the 9 chunks of flesh.
This raw flesh tastes terrible.
You are feeling very hungry.
The death yak bellows!
The hungry ghost misses you.
Eat one of 8 chunks of flesh? (ye/n/q)
You eat one of the 8 chunks of flesh.
This raw flesh tastes terrible.
A death yak comes into view.
You block the hungry ghost's attack. The iguana bites you.
You closely miss the hungry ghost.
The hungry ghost is severely damaged.
You hit the iguana. You block the hungry ghost's attack. The iguana bites you.
A death yak comes into view.
You miss the hungry ghost.
The hungry ghost is severely damaged.
The death yak bellows!
You hit the iguana.
You hear a shout! x3
The iguana closely misses you.
You closely miss the iguana.
The iguana is heavily wounded.
You hit the death yak but do no damage. You block the iguana's attack.
The death yak gores you but does no damage.
You hit the iguana.
The iguana is severely wounded.
You barely miss the death yak. The iguana bites you! The death yak gores you.
You slash the death yak!
The death yak is lightly wounded.
You hit the death yak. The death yak gores you!
You barely miss the death yak.
The death yak is lightly wounded.
Your chain mail prevents you from hitting the death yak.
You hit the death yak but do no damage. The death yak gores you!
The death yak gores you. x2; The death yak gores you!!
* * * LOW HITPOINT WARNING * * *
The death yak gores you!
You die...

##.#####...... , , , , ,
.......#........ ,.##...
.........##.....,,......
,
............>...##......
, ...)............#......
, ,
.....................# ,
*
.........###....YYY..###
,
.......#####.#.#YYl....#
, ,
...............#@YW..##*,
, ,
....#........###......#,
* , *
.......).÷..............
*
......#......###.....##.
, , ......#..(÷).#
#...### , ......#......#
#.#.# * ......#......#
#.#!.., , ......#.....(#
#.#####..
..#####......###........
,


You could see 6 death yaks, a hungry ghost and an iguana.

Vanquished Creatures
  Maurice (D:8)
  Grinder (D:4)
  A hippogriff (D:7)
  Menkaure (D:7)
  2 sky beasts
  3 orc warriors (D:7)
  A necrophage (D:5)
  An ice beast (D:6)
  A phantom (D:7)
  5 ogres
  2 centaurs
  A bullfrog (D:7)
  2 scorpions
  2 howler monkeys (D:6)
  5 crimson imps
  A bullfrog zombie (D:5)
  2 centaur zombies
  A human zombie (D:7)
  3 hounds
  Crazy Yiuf (D:7)
  A jelly (D:5)
  6 orc priests
  6 orc wizards
  5 worker ants
  A hound skeleton (D:5)
  A gnoll (D:6)
  11 adders
  2 shadow imps
  An ooze (D:5)
  2 adder zombies
  5 leopard geckos
  28 orcs
  3 ball pythons
  6 bats
  10 giant cockroaches
  10 goblins
  3 hobgoblins
  15 jackals
  10 kobolds
  7 quokkas
  11 frilled lizards
  A leopard gecko skeleton (D:5)
  7 rats
  A bush (D:5)
  2 plants (Sewer)
192 creatures vanquished.

Vanquished Creatures (others)
  Joseph (D:8)
  A scorpion (D:8)
  A hound (D:8)
  2 fungi (D:5)
  A plant (D:5)
6 creatures vanquished.

Grand Total: 198 creatures vanquished

Notes
Turn   | Place    | Note
-------+----------+-------------------------------------------
     0 | D:1      | EnegeticOcto the Deep Dwarf Fighter began the quest for the
                  | Orb.
     0 | D:1      | Reached XP level 1. HP: 20/20 MP: 1/1
   197 | D:1      | Reached XP level 2. HP: 24/27 MP: 2/2
   374 | D:2      | Reached XP level 3. HP: 34/34 MP: 3/3
   423 | D:3      | Reached skill level 3 in Axes
   439 | D:3      | Found a burning altar of Makhleb.
   484 | D:3      | Became a worshipper of Makhleb the Destroyer
   806 | D:3      | Found a sparkling altar of Nemelex Xobeh.
   858 | D:3      | Reached skill level 1 in Dodging
   904 | D:3      | Reached XP level 4. HP: 42/42 MP: 4/4
  1309 | D:4      | Found Cunwag's Armour Shoppe.
  1309 | D:4      | Noticed Grinder
  1315 | D:4      | Paralysed by Grinder for 6 turns
  1331 | D:4      | Paralysed by Grinder for 3 turns
  1345 | D:4      | Killed Grinder
  1345 | D:4      | Reached skill level 4 in Axes
  1345 | D:4      | Reached XP level 5. HP: 36/50 MP: 3/5
  1345 | D:4      | Reached XP level 6. HP: 41/57 MP: 3/6
  1479 | D:4      | Found a glowing drain.
  1539 | D:4      | Reached * piety under Makhleb
  1548 | Sewer    | Entered a sewer
  2143 | D:4      | Found a glowing silver altar of Zin.
  2214 | D:4      | Reached XP level 7. HP: 54/66 MP: 4/4
  2340 | D:4      | Reached ** piety under Makhleb
  2474 | D:4      | Paralysed by an orc for 7 turns
  2561 | D:4      | Reached skill level 5 in Axes
  2660 | D:4      | You fall into a shaft and drop 1 floor!
  2660 | D:5      | Entered Level 5 of the Dungeon
  2698 | D:5      | Reached skill level 5 in Fighting
  2765 | D:5      | Reached XP level 8. HP: 57/74 MP: 6/6
  3006 | D:4      | Found a shimmering altar of Xom.
  3177 | D:5      | Reached skill level 5 in Armour
  3271 | D:5      | Found a runed translucent gate.
  3273 | D:5      | Found a runed translucent gate.
  3274 | D:5      | Noticed Defined's ghost (novice GnWn)
  3274 | D:5      | Found a runed translucent gate.
  3281 | D:5      | Identified the +3 whip of Usesuro {elec, Stlth+}
  3304 | D:5      | Found a staircase to the Ecumenical Temple.
  3630 | D:6      | Reached skill level 6 in Axes
  3630 | D:6      | Reached skill level 5 in Shields
  3651 | D:6      | Found a sacrificial altar of Ru.
  3902 | D:6      | Reached *** piety under Makhleb
  4541 | D:7      | Gained mutation: You passively map the area around you.
                  | [Deep Dwarf growth]
  4541 | D:7      | Reached XP level 9. HP: 70/82 MP: 8/8
  4666 | D:7      | Reached skill level 5 in Invocations
  4672 | D:7      | Noticed Menkaure
  4676 | D:7      | Killed Menkaure
  4676 | D:7      | Reached skill level 7 in Axes
  4736 | D:7      | Found a bloodstained altar of Trog.
  4805 | D:7      | Found a shattered altar of Ashenzari.
  5277 | D:7      | Found a runed translucent door.
  5278 | D:7      | Noticed Crazy Yiuf
  5674 | D:7      | Killed Crazy Yiuf
  5744 | D:8      | Noticed Maurice
  5747 | D:8      | Reached skill level 5 in Dodging
  5749 | D:8      | Noticed Joseph
  5767 | D:8      | Killed Joseph
  5767 | D:8      | Reached skill level 8 in Axes
  5787 | D:8      | Killed Maurice
  5838 | D:8      | Noticed a death yak
  5839 | D:8      | Noticed a death yak
  5840 | D:8      | Noticed a death yak
  5840 | D:8      | Noticed a death yak
  5842 | D:8      | Noticed a death yak
  5843 | D:8      | Noticed a death yak
  5848 | D:8      | Slain by a death yak

Levels and vault maps discovered:
D:1:      dpeg_arrival_concentric_ovals, layout_rooms, minmay_unequal
D:2:      layout_loops_ring, lemuel_round_altar
D:3:      layout_basic, old_standard_altar, nemelex_altar_shiori, first_ration,
          minmay_mini_jars
D:4:      layout_loops_corners, zin_statuary, tgw_xom, serial_shops,
          nicolae_shop_temple_entry_statues_fountains, gup_sewer_entry_glass,
          uniq_grinder
D:5:      layout_rooms, minmay_temple_entry_hall, gammafunk_ghost_nasty_kobolds,
          minmay_hedge_maze
D:6:      layout_loops_corners, nicolae_ru_great_annihilating_truth,
          st_stairs_5, bh_chokoban, kennysheep_generic_room_13
D:7:      layout_basic, lemuel_mausoleum_altar_yredelemnul, bloody_trog,
          kennysheep_little_box, enter_bailey_3, uniq_menkaure,
          uniq_crazy_yiuf_cottage
D:8:      layout_rooms, nicolae_qazlal_style_of_elements,
          amethyst_overflow_temple_binary, dpeg_lair_monsters, uniq_joseph,
          uniq_maurice

Skill      XL: |  1  2  3  4  5  6  7  8  9 |
---------------+----------------------------+-----
Fighting       | 3 4 5 6 7 |  7.2
Axes           | 3 4 5 6 8 |  8.2
Dodging        | 1 2 3 4 5 |  5.2
Armour         | 4 5 6 |  6.4
Shields        | 4 5 6 |  6.3
Invocations    | 2 3 4 6 |  6.1

Action                   |  1- 3 |  4- 6 |  7- 9 || total
-------------------------+-------+-------+-------++-------
Melee: War axe           |   136 |   226 |   504 ||   866
 Abil: Heal Wounds       |     2 |     8 |     8 ||    18
Evoke: Wand              |       |       |     1 ||     1
  Use: Scroll            |       |       |    10 ||    10
 Stab: Invisible         |       |       |     1 ||     1
       Paralysed         |       |       |     1 ||     1
  Eat: Chunk             |       |     6 |    14 ||    20
Armor: Scale mail        |    75 |    81 |    13 ||   169
       Chain mail        |       |       |   220 ||   220
Dodge: Dodged            |    52 |    70 |   130 ||   252
Block: Kite shield       |    86 |    99 |   266 ||   451

Table legend:
 A = Non-vault XP
 B = Vault XP
 C = Vault XP percentage of total XP
 D = Non-vault monster count
 E = Vault monster count
 F = Vault count percentage of total count
                 A         B        C        D         E       F
            +---------+---------+-------+---------+---------+-------
      Total |    3921 |    1480 |  27.4 |     141 |      50 |  26.2
            +---------+---------+-------+---------+---------+-------
        D:1 |      21 |       0 |   0.0 |      13 |       0 |   0.0
        D:2 |      20 |       0 |   0.0 |       6 |       0 |   0.0
        D:3 |      61 |      14 |  18.7 |      15 |       8 |  34.8
        D:4 |     596 |     295 |  33.1 |      27 |       8 |  22.9
        D:5 |     694 |       0 |   0.0 |      24 |       0 |   0.0
        D:6 |     731 |      76 |   9.4 |      19 |       8 |  29.6
        D:7 |    1576 |     267 |  14.5 |      30 |       7 |  18.9
        D:8 |     222 |     779 |  77.8 |       7 |       2 |  22.2
      Sewer |       0 |      49 | 100.0 |       0 |      17 | 100.0
            +---------+---------+-------+---------+---------+-------
